 Dungeon Crawl Stone Soup version 0.30-a0-263-ge22c4ad894 (webtiles) character file.

Game seed: 16421372714703573017

189 Sobieck the Trooper (level 5, -2/54 HPs)
             Began as an Ogre Transmuter on Oct 13, 2022.
             Slain by a kobold
             ... wielding a +0 club
              (3 damage)
             ... on level 4 of the Dungeon.
             The game lasted 00:06:07 (3012 turns).

Sobieck the Trooper (Ogre Transmuter)               Turns: 3012, Time: 00:06:07

Health: -2/54      AC:  4    Str: 20    XL:     5   Next: 68%
Magic:  8/8        EV:  9    Int: 16    God:
Gold:   148        SH:  0    Dex:  9    Spells: 5/8 levels left

rFire   . . .      SeeInvis .      - Unarmed
rCold   . . .      Faith    .    (no shield)
rNeg    . . .      Spirit   .    a - +1 robe
rPois   .          Reflect  .    (helmet currently unavailable)
rElec   .          Harm     .    (no cloak)
rCorr   .          Rampage  .    (gloves unavailable)
Will    .....                    (boots unavailable)
Stlth   +.........               (no amulet)
HPRegen 0.29/turn                l - +6 ring of strength
MPRegen 0.11/turn                (no ring)

@: appendages (expiring), hasted, very quick
A: horns 2, talons 2, large, unfitting armour, tough skin 1
a: End Transformation


You were on level 4 of the Dungeon.
You had temporarily grown beastly horns and talons.
You visited 1 branch of the dungeon, and saw 4 of its levels.

You collected 148 gold pieces.


Innate Abilities, Weirdness & Mutations

You have temporarily grown beastly horns and talons.
You are too large for most types of armour.
You have tough skin. (AC +1)


   Skills:
 - Level 4.0 Fighting
 - Level 1.7 Dodging
 + Level 4.0 Unarmed Combat
 - Level 2.4 Spellcasting
 + Level 3.3 Transmutations


You had 5 spell levels left.
You knew the following spells:

 Your Spells              Type           Power      Damage    Failure   Level
a - Beastly Appendage     Tmut           24%        N/A       4%          1
b - Wereblood             Tmut           12%        N/A       8%          2

Your spell library contained the following spells:

 Spells                   Type           Power      Damage    Failure   Level
 Shock                    Conj/Air       4%         1d3       21%         1
 Cigotuvi's Dreadful Rot  Necr/Pois/Air  2%         N/A       30%         2
 Spider Form              Tmut/Pois      7%         N/A       30%         3
 Swiftness                Air            1%         N/A       52%         3
 Ice Form                 Ice/Tmut       7%         N/A       69%         4
 Airstrike                Air            0%         2d(1-17)  89%         4
 Dispel Undead            Necr           1%         3d6       89%         4
 Death Channel            Necr           0%         N/A       100%        6

Inventory:

Hand Weapons
 g - a +0 spear {polearm}
   (You found it on level 1 of the Dungeon)
 h - a +0 dagger {short}
   (You took it off a kobold on level 1 of the Dungeon)
 i - a +0 hand axe {axe}
   (You found it on level 1 of the Dungeon)
 j - a +0 dagger {short}
   (You took it off a goblin on level 1 of the Dungeon)
 q - a +0 club {mace}
   (You took it off a kobold on level 1 of the Dungeon)
 r - a +0 dagger {short}
   (You found it on level 1 of the Dungeon)
Missiles
 d - 60 stones {throwing}
 k - 5 atropa-tipped darts {throwing}
 v - 4 poisoned darts {throwing}
Armour
 a - a +1 robe (worn)
 e - a +0 robe
   (You found it on level 1 of the Dungeon)
 o - a +0 robe
   (You found it on level 4 of the Dungeon)
 u - a +0 robe
   (You found it on level 1 of the Dungeon)
 x - a +0 robe
   (You found it on level 2 of the Dungeon)
 y - a +0 robe
   (You found it on level 2 of the Dungeon)
 z - a +0 robe
   (You found it on level 3 of the Dungeon)
Jewellery
 l - a +6 ring of strength (left hand)
   (You found it on level 1 of the Dungeon)
Scrolls
 s - 2 scrolls of silence {!r}
 t - 3 scrolls of teleportation {@r4}
Potions
 b - a potion of lignification {!q}
 m - 3 potions of curing {@q1}
 n - 2 potions of mutation {!q}
 p - a potion of brilliance

Dungeon Overview and Level Annotations

Branches:
Dungeon (4/15) Zot: 21006
 Temple: D:4-7

Altars:
Elyvilon
Xom
Zin

Shops:
D:1 (   D:2 =

Annotations:
D:3 3 runed translucent doors, drewk1942's ghost, amateur GnHu
D:4 exclusion: steam dragon

##########..*
*,,,*
*#.#*######+######
#######
#..*#...........#
......#
#..##...........#*
......#
#...#............*
......#
#.#.)#+#.K###....*
......#
#....>...## *,,,.*
......#
**######K###
*,,,,* ......#
*,,,*,,#@# *,,,,*
......#**,*,*,,#.#
*,,,,*
......+,,,*,*<,#.#
*,,,,*
......#****,*,,#.#
*,,,,* '######
*,*,,#.# *,,,,* .#
*,**,#.# ****** .#
********,**,#.# .#
*,,,,,,,,**,#.# .#
*,*********,#.#


You could see a kobold.


Message History

You start waiting.
Your hearing returns.
Unknown command.
Unknown command.
You climb downwards.
Level annotation: exclusion: steam dragon
There is a stone staircase leading up here.
You see here a potion of degeneration {!q@e2}.
Unknown command.
Unknown command.
You now have 137 gold pieces (gained 12).
You open the door.
An endoplasm comes into view.
The endoplasm quivers.
Danger!
You grow a pair of large bovine horns.
Your feet morph into talons.
Unknown command.
There is an open door here.
The endoplasm hits you.
You punch the endoplasm!
You kill the endoplasm!
No target in view!
No target in view!
Your transformation is almost over.
You now have 148 gold pieces (gained 11).
Your horns disappear.
Your talons disappear.
Found a stone staircase leading down.
Unknown command.
A goblin comes into view. It is wielding a +0 dagger.
The goblin moves out of view.
Unknown command.
Danger!
You grow a pair of large bovine horns.
Your feet morph into talons.
There is a stone staircase leading down here.
You closely miss the goblin. You claw the goblin.
You kill the goblin!
No target in view!
Unknown command.
Unknown command.
Unknown command.
Your transformation is almost over.
A hobgoblin comes into view.
The hobgoblin shouts!
Danger!
You extend your transformation's duration.
Things that are here:
a +0 dagger {short}; a goblin corpse You punch the hobgoblin!
You kill the hobgoblin!
You extend your transformation's duration.
A kobold comes into view. It is wielding a +0 club.
Danger!
An iguana comes into view.
The iguana hisses angrily.
The kobold throws a stone.
The stone barely misses you.
The kobold throws a stone.
The stone hits you but does no damage.
The kobold throws a stone.
The stone hits you but does no damage. The kobold hits you but does no damage.
The iguana bites you!
You closely miss the iguana. You claw the iguana.
You headbutt the iguana, but do no damage.
The kobold barely misses you. The iguana bites you!
You are too injured to fight recklessly!
You are too injured to fight recklessly!
Unknown command.
The kobold attacks as you move away! The kobold misses you.
The iguana attacks as you move away! The iguana bites you!
* * * LOW HITPOINT WARNING * * *
The kobold throws a stone.
The stone hits you.
* * * LOW HITPOINT WARNING * * *
The iguana attacks as you move away! The iguana bites you.
* * * LOW HITPOINT WARNING * * *
The kobold throws a stone.
The stone hits you but does no damage.
Unknown command.
The iguana attacks as you move away! The iguana bites you.
* * * LOW HITPOINT WARNING * * *
Unknown command.
You feel yourself speed up. The iguana closely misses you.
Unknown command.
You punch the iguana! Your kick misses the iguana.
The iguana closely misses you.
You hit the iguana but do no damage.
Unknown command.
You hit the iguana but do no damage. You claw the iguana, but do no damage.
The iguana bites you!
* * * LOW HITPOINT WARNING * * *
Unknown command.
You hit the iguana. You claw the iguana.
You kill the iguana!
Your transformation is almost over.
Your Unarmed Combat skill increases to level 4!
The kobold hits you but does no damage.
You see here an iguana corpse.
Unknown command.
You barely miss the kobold. The kobold hits you with a +0 club.
* * * LOW HITPOINT WARNING * * *
You closely miss the kobold. Your headbutt misses the kobold.
Unknown command.
You closely miss the kobold. You claw the kobold.
Your headbutt misses the kobold. The kobold hits you with a +0 club.
You die...

Skill      XL: |  1  2  3  4  5 |
---------------+----------------+-----
Transmutations | 2 3 |  3.3
Fighting       | 2 3 4 |  4.0
Unarmed Combat | 3 4 |  4.0
Dodging        | |  1.7
Spellcasting   | |  2.4

Action                   |  1- 3 |  4- 6 || total
-------------------------+-------+-------++-------
Melee: Unarmed           |    99 |    50 ||   149
       Kick              |    16 |    17 ||    33
       Headbutt          |    13 |     8 ||    21
       Punch             |     2 |       ||     2
 Cast: Beastly Appendage |    24 |    13 ||    37
  Use: Scroll            |       |    10 ||    10
       Potion            |       |     2 ||     2
Armor: Robe              |    31 |    13 ||    44
Dodge: Dodged            |    39 |    15 ||    54

Levels and vault maps discovered:
D:1:      lightli_arrival_chessboard, layout_loops_corners, serial_shops,
          nicolae_shop_bloodbath_and_beyond, dk_noncrumbling_2,
          minmay_strange_pillars
D:2:      layout_rooms, serial_shops, shop, basic_altar,
          guppyfry_early_lair_pool
D:3:      layout_basic, mainiacjoe_overflow_surrounded_room,
          lemuel_coloured_pillars_altar, gammafunk_temple_overflow_claw,
          gammafunk_ghost_nasty_kobolds
D:4:      layout_basic, mainiacjoe_overflow_alcove_2, dreamdust_gnoll_farm

Notes
Turn   | Place    | Note
-------+----------+-------------------------------------------
     0 | D:1      | Sobieck the Ogre Transmuter began the quest for the Orb.
     0 | D:1      | Reached XP level 1. HP: 19/19 MP: 3/3
    16 | D:1      | You pick up a book of Air and begin reading...
    16 | D:1      | You add the spells Shock, Swiftness and Airstrike to your
                  | library.
   119 | D:1      | Found Joagraut's Weapon Shoppe.
   317 | D:1      | Reached skill level 2 in Transmutations
   341 | D:1      | Identified the +2 leather armour of Magic {rF+++ Will+
                  | Regen+ Stlth-}
   468 | D:1      | Reached XP level 2. HP: 25/28 MP: 5/5
   550 | D:1      | Reached skill level 2 in Fighting
   870 | D:1      | Reached skill level 3 in Unarmed Combat
  1215 | D:2      | Reached XP level 3. HP: 26/36 MP: 4/6
  1254 | D:1      | Learned a level 2 spell: Wereblood
  1277 | D:2      | You pick up a book of Decay and begin reading...
  1277 | D:2      | You add the spells Cigotuvi's Dreadful Rot, Dispel Undead
                  | and Death Channel to your library.
  1543 | D:2      | Found a shimmering altar of Xom.
  1587 | D:2      | Reached skill level 3 in Fighting
  1639 | D:2      | Found Gutt's Jewellery Shop.
  1706 | D:2      | Reached XP level 4. HP: 43/45 MP: 4/7
  2024 | D:3      | Found a glowing silver altar of Zin.
  2152 | D:3      | Found a runed translucent gate.
  2152 | D:3      | Found a runed translucent gate.
  2152 | D:3      | Found a runed translucent gate.
  2153 | D:3      | Noticed drewk1942's ghost (amateur GnHu)
  2154 | D:3      | Noticed a kobold brigand
  2448 | D:4      | Reached skill level 3 in Transmutations
  2448 | D:4      | Reached XP level 5. HP: 22/54 MP: 6/8
  2581 | D:4      | Found a white marble altar of Elyvilon.
  2721 | D:4      | Reached skill level 4 in Fighting
  2733 | D:4      | Noticed a steam dragon
  3002 | D:4      | HP: 11/54 [iguana (6)]
  3007 | D:4      | HP: 4/54 [iguana (8)]
  3009 | D:4      | Reached skill level 4 in Unarmed Combat
  3010 | D:4      | HP: 1/54 [kobold/+0 club (4)]
  3012 | D:4      | Slain by a kobold

Vanquished Creatures
  A jelly (D:4)
  A hound (D:3)
  An iguana (D:4)
  3 gnolls (D:4)
  2 adders (D:2)
  A worm (D:2)
  2 dart slugs
  5 ball pythons
  5 endoplasms
  2 giant cockroaches
  5 goblins
  8 hobgoblins
  3 jackals (D:2)
  A bat (D:2)
  A frilled lizard (D:2)
  6 kobolds
  3 rats
50 creatures vanquished.

Vanquished Creatures (others)
  6 fungi (D:4)
6 creatures vanquished.

Grand Total: 56 creatures vanquished

Table legend:
 A = Non-vault XP
 B = Vault XP
 C = Vault XP percentage of total XP
 D = Non-vault monster count
 E = Vault monster count
 F = Vault count percentage of total count
                 A         B        C        D         E       F
            +---------+---------+-------+---------+---------+-------
      Total |     270 |       0 |   0.0 |      50 |       0 |   0.0
            +---------+---------+-------+---------+---------+-------
        D:1 |      32 |       0 |   0.0 |      17 |       0 |   0.0
        D:2 |      58 |       0 |   0.0 |      18 |       0 |   0.0
        D:3 |      43 |       0 |   0.0 |       2 |       0 |   0.0
        D:4 |     137 |       0 |   0.0 |      13 |       0 |   0.0
            +---------+---------+-------+---------+---------+-------

Illustrated notes

Table legend:
 A = Kills in this place as a percentage of kills in entire the game.
 B = Kills by you in this place as a percentage of kills by you in the entire game.
 C = Kills by friends in this place as a percentage of kills by friends in the entire game.
 D = Other kills in this place as a percentage of other kills in the entire game.
 E = Experience gained in this place as a percentage of experience gained in the entire game.
 F = Experience gained in this place divided by the number of levels of this place that you have seen.
                   A       B       C       D       E      F
               +-------+-------+-------+-------+-------+----------------------
         Total | 100.0 | 100.0 |   N/A |   N/A | 100.0 |  67.5
       Dungeon | 100.0 | 100.0 |   N/A |   N/A | 100.0 |  67.5
               +-------+-------+-------+-------+-------+----------------------

Table legend: (Time is in decaauts)
 A = Elapsed time spent in this place.
 B = Non-inter-level travel time spent in this place.
 C = Inter-level travel time spent in this place.
 D = Time resting spent in this place.
 E = Time spent auto-exploring this place.
 F = Levels seen in this place.
 G = Mean time per level.
                   A        B        C        D        E       F      G
               +--------+--------+--------+--------+--------+-----+--------+
         Total |   2993 |   2825 |    168 |    378 |   1905 |   4 |  748.2 |
       Dungeon |   2993 |   2825 |    168 |    378 |   1905 |   4 |  748.2 |
               +--------+--------+--------+--------+--------+-----+--------+

Top non-repeatable levels by time:
     D:1: 1284 daAuts
     D:2: 672 daAuts
     D:4: 613 daAuts
     D:3: 423 daAuts
